 Dungeon Crawl Stone Soup version 0.24-a0-784-g601f8f6d22 (webtiles) character file.

Game seed: 1285442286867795328, levelgen mode: deterministic

3117 Amnesiac the Geomancer (level 9, 0/99 HPs)
             Began as a Troll Earth Elementalist on Oct 9, 2019.
             Was an Initiate of Ashenzari.
             Slain by Harold
             ... wielding a +0 trident
              (5 damage)
             ... on level 8 of the Dungeon.
             The game lasted 00:34:12 (9891 turns).

Amnesiac the Geomancer (Troll Earth Elementalist)   Turns: 9891, Time: 00:34:12

Health: 0/99       AC: 24    Str: 13 (18) XL:     9   Next: 60%
Magic:  2/15       EV:  1    Int: 17 (19) God:    Ashenzari [......]
Gold:   241        SH:  0    Dex:  6 (10) Spells: 5/18 levels left

rFire    . . .     SeeInvis .   (no weapon)
rCold    . . .     Gourm    +   (no shield)
rNeg     + + +     Faith    .   (armour currently unavailable)
rPois    +         Spirit   .   (helmet currently unavailable)
rElec    .         Reflect  .   (cloak currently unavailable)
rCorr    .         Harm     .   (gloves unavailable)
MR       +....     NoTele   +   (boots unavailable)
Stlth    +.........             (no amulet)
HPRegen  0.66/turn              m - ring of wizardry (curse)
MPRegen  0.14/turn              q - +5 ring of evasion (curse)

@: brilliant, tree-form, marked
A: large, unfitting armour, deterioration 1, fast metabolism 3, frail 1,
gourmand, magic resistance 1, regeneration 1
a: Curse Item, Renounce Religion


You were on level 8 of the Dungeon.
You worshipped Ashenzari.
Ashenzari was noncommittal.
You were not hungry.
You were a tree.
You visited 2 branches of the dungeon, and saw 9 of its levels.
You also visited: Sewer and Ossuary.

You collected 299 gold pieces.
You spent 58 gold pieces at shops.

Inventory:

Hand Weapons
 a - a +1 dagger of protection
Missiles
 b - 257 stones
 f - 29 poisoned darts (quivered)
 g - a throwing net
 C - 2 atropa-tipped darts
Armour
 c - a +0 robe (melded)
 r - a +2 cloak (melded)
Jewellery
 m - a cursed ring of wizardry (left branch)
 q - a cursed +5 ring of evasion (right branch)
 v - an uncursed amulet of guardian spirit
Wands
 h - a wand of polymorph (16)
 l - a wand of enslavement (7)
 o - a wand of digging (7)
 B - a wand of flame (14)
Scrolls
 i - 4 scrolls of identify
 j - 3 scrolls of blinking
 n - 2 scrolls of enchant armour
 p - a scroll of fog
 s - a scroll of amnesia
 t - 3 scrolls of remove curse
 w - 2 scrolls of teleportation
 y - a scroll of immolation
 z - a scroll of fear
 A - a scroll of magic mapping
Potions
 e - 5 potions of flight
 x - a potion of brilliance
Comestibles
 d - 12 rations


   Skills:
 - Level 1.1 Short Blades
 - Level 1.5 Dodging
 - Level 1.1 Stealth
 + Level 5.0 Spellcasting
 - Level 0.6 Transmutations
 * Level 10.4 Earth Magic


You had 5 spell levels left.
You knew the following spells:

 Your Spells              Type           Power        Failure   Level  Hunger
a - Sandblast             Erth           #####.       1%          1    None
b - Passwall              Tmut/Erth      ####....     1%          2    #......
c - Confusing Touch       Hex            ##....       1%          1    None
d - Petrify               Tmut/Erth      ####....     1%          4    ####...
e - Lee's Rapid Deconstr  Erth           #####.....   1%          5    ######.

Your spell library contained the following spells:

 Spells                   Type           Power        Failure   Level  Hunger
 Animate Skeleton         Necr           N/A          1%          1    None
 Apportation              Tloc           ##....       1%          1    None
 Magic Dart               Conj           ##..         1%          1    None
 Pain                     Necr           ##..         1%          1    None
 Summon Small Mammal      Summ           ##..         1%          1    None
 Stone Arrow              Conj/Erth      ####..       1%          3    ###....
 Searing Ray              Conj           ##....       2%          2    #......
 Dazzling Spray           Conj/Hex       ##....       4%          3    ###....
 Regeneration             Chrm/Necr      ##........   4%          3    ###....
 Vampiric Draining        Necr           ##........   4%          3    ###....
 Animate Dead             Necr           N/A          14%         4    ####...
 Force Lance              Conj/Tloc      ##......     14%         4    ####...
 Fulminant Prism          Conj/Hex       ##........   14%         4    ####...
 Iskenderun's Mystic Bla  Conj           ##......     14%         4    ####...


Dungeon Overview and Level Annotations

Branches:
Dungeon (8/15)             Temple (1/1) D:7           Sewer (visited)
Ossuary (visited)
   Lair: D:8-11

Altars:
Ashenzari
Cheibriados
Dithmenos
Elyvilon
Fedhas
Gozag
Hepliaklqana
Kikubaaqudgha
Makhleb
Nemelex Xobeh
Okawaru
Qazlal
Ru
Sif Muna
Trog
Vehumet
Xom
Yredelemnul
Zin
The Shining One

Shops:
D:4 :   D:6 [*

Annotations:
D:8 Harold


Innate Abilities, Weirdness & Mutations

You are too large for most types of armour.
((You have claws for hands.))
Your metabolism is lightning-fast.
You like to eat raw meat.
Your natural rate of healing is unusually fast.
((You are covered in fur. (AC +1)))
((You have extremely tough skin. (AC +3)))
Your body sometimes deteriorates upon taking damage.
You are frail. (-10% HP)
You are resistant to hostile enchantments. (MR+)


Message History

Harold hits you but does no damage.
You hit Harold.
Harold is moderately wounded.
Harold hits you but does no damage.
You hit Harold but do no damage.
Harold is moderately wounded.
You smack Harold!
Harold is heavily wounded.
Harold hits you with a +0 trident.
* * * LOW HITPOINT WARNING * * *
You smack Harold!
Harold is heavily wounded.
Harold grumbles, "Just give up already, I want to go home!"
Harold casts a spell at you. The mark upon you grows brighter.
You closely miss Harold.
Harold is heavily wounded.
Harold shouts, "Can you die now?
I had plans for the rest of the day!"
Harold hits you with a +0 trident.
You die...

#........ #.....÷<.#
..#.####.. #........# #.#.#
#.## # ###.###### #.... ..#.
#..## ##... #.#. ##..######
.# #.. ##......## #. #.#
##...#..# #..###.#
###########..#..#.#
#.....####@♣.........###...#
#..?...(Y..###.####.##.##..#
.....P.P.######
#..#....#.#..o. #.#.(._....
#....#.##.##.#. .....P.P...#
#...####...#### ...........#
#..##.........# ...........#
#...####...#'## ......######
#....#.##.##.#. ...!..
##......#.#....


You could see Harold and an ice beast.

Vanquished Creatures
  A troll (D:6)
  A hippogriff (D:7)
  A wyvern (D:6)
  2 orc warriors
  An ice beast (D:8)
  2 ogres
  A phantom (D:8)
  A centaur (D:5)
  A big kobold (Sewer)
  3 bullfrogs
  A gnoll sergeant (D:6)
  4 water moccasin zombies (Ossuary)
  A wyvern skeleton (D:8)
  A howler monkey (D:5)
  2 centaur zombies
  2 crimson imps
  A quasit (D:7)
  A bullfrog zombie (D:7)
  A gnoll shaman (D:6)
  2 orc priests (D:7)
  2 bullfrog skeletons
  5 hounds
  5 worker ants
  6 orc wizards
  3 big kobold zombies (Ossuary)
  A hound skeleton (D:8)
  2 mummies (Ossuary)
  20 gnolls
  8 adders
  A river rat (Sewer)
  4 oozes
  3 adder zombies (Ossuary)
  5 adder skeletons
  3 worms
  A dart slug (D:2)
  6 leopard geckos
  17 orcs
  2 ball pythons
  2 giant cockroaches
  3 gnoll zombies (Ossuary)
  17 goblins
  16 hobgoblins
  13 jackals
  9 kobolds
  5 bats
  6 frilled lizards
  2 goblin zombies (D:5)
  4 hobgoblin zombies (Ossuary)
  5 kobold zombies (Ossuary)
  A leopard gecko skeleton (D:4)
  6 orc zombies (Ossuary)
  9 rats
222 creatures vanquished.

Notes
Turn   | Place    | Note
-------+----------+-------------------------------------------
     0 | D:1      | Amnesiac the Troll Earth Elementalist began the quest for
                  | the Orb.
     0 | D:1      | Reached XP level 1. HP: 16/16 MP: 1/1
   160 | D:2      | Reached skill level 3 in Earth Magic
   160 | D:2      | Reached XP level 2. HP: 17/24 MP: 0/3
   167 | D:2      | Learned a level 2 spell: Passwall
   269 | D:2      | Found a hazy altar of Hepliaklqana.
   316 | D:2      | Found an iron altar of Okawaru.
   358 | D:2      | Found a glowing silver altar of Zin.
   380 | D:2      | Found a sacrificial altar of Ru.
   523 | D:3      | Found a glowing drain.
   554 | Sewer    | Entered a sewer
   579 | Sewer    | Reached XP level 3. HP: 18/31 MP: 0/4
   669 | Sewer    | Noticed a big kobold
   712 | Sewer    | Killed a big kobold
   712 | Sewer    | Reached skill level 4 in Earth Magic
   712 | Sewer    | Reached XP level 4. HP: 38/39 MP: 1/6
   803 | Sewer    | Found a white marble altar of Elyvilon.
  1252 | D:4      | Reached XP level 5. HP: 41/45 MP: 0/7
  1261 | D:4      | Learned a level 5 spell: Lee's Rapid Deconstruction
  1487 | D:4      | Reached skill level 5 in Earth Magic
  1671 | D:4      | Found Vuerph's Book Boutique.
  1977 | D:5      | Entered Level 5 of the Dungeon
  2003 | D:5      | Found a sand-covered staircase.
  2081 | D:5      | Noticed a centaur
  2081 | D:5      | Noticed an ogre
  2097 | D:5      | Killed a centaur
  2097 | D:5      | Reached XP level 6. HP: 28/53 MP: 0/8
  2117 | Ossuary  | Entered an ossuary
  2216 | Ossuary  | Reached skill level 6 in Earth Magic
  2254 | Ossuary  | Reached XP level 7. HP: 36/59 MP: 4/10
  2809 | D:7      | Reached skill level 7 in Earth Magic
  3540 | D:6      | Found Getacwachi's Antique Armour Boutique.
  3705 | D:6      | Reached XP level 8. HP: 59/67 MP: 8/12
  3942 | D:6      | Gained mutation: You are frail. (-10% HP) [potion of
                  | mutation]
  3942 | D:6      | Gained mutation: Your body sometimes deteriorates upon
                  | taking damage. [potion of mutation]
  3942 | D:6      | Gained mutation: You are resistant to hostile enchantments.
                  | (MR+) [potion of mutation]
  3964 | D:6      | Reached skill level 8 in Earth Magic
  5351 | D:2      | Found a sparkling altar of Nemelex Xobeh.
  5500 | D:2      | Found a snail-covered altar of Cheibriados.
  5968 | D:3      | Found a burning altar of Makhleb.
  6447 | D:6      | Reached skill level 1 in Short Blades
  6487 | D:6      | Found Faffuof's Assorted Antiques.
  6495 | D:6      | Bought a scroll labeled QIL LANWIGA for 29 gold pieces
  6495 | D:6      | Bought a scroll labeled GOYSEPHIEBA for 29 gold pieces
  6519 | D:6      | Noticed a troll
  6522 | D:6      | Killed a troll
  6522 | D:6      | Reached skill level 9 in Earth Magic
  6678 | D:6      | Identified the cursed +1 trident of Woe {pierce, Stlth+}
  6711 | D:6      | Reached XP level 9. HP: 61/66 MP: 14/14
  7564 | D:7      | Found a staircase to the Ecumenical Temple.
  7572 | Temple   | Entered the Ecumenical Temple
  7622 | Temple   | Became a worshipper of Ashenzari the Shackled
  8086 | D:6      | Learned a level 1 spell: Confusing Touch
  8091 | D:6      | Learned a level 4 spell: Petrify
  8914 | D:7      | Found a shadowy altar of Dithmenos.
  9547 | D:7      | Reached skill level 10 in Earth Magic
  9775 | D:8      | Reached skill level 5 in Spellcasting
  9843 | D:8      | Found a basalt altar of Yredelemnul.
  9846 | D:8      | Noticed Harold
  9884 | D:8      | HP: 1/99 [Harold/+0 trident (11)]
  9889 | D:8      | HP: 3/99 [Harold/+0 trident (1)]
  9891 | D:8      | Slain by Harold

Levels and vault maps discovered:
D:1:      wheals_arrival_linesprint, layout_basic
D:2:      layout_basic, nicolae_overflow_quartered_altars,
          kennysheep_slug_shrine, hangedman_decor_growths, dk_noncrumbling_4,
          nemelex_dance_club_becter
D:3:      layout_basic, makhleb_blood_cavern_becter,
          cheibrodos_sewer_entry_bend, serial_bayou, serial_bayou_shore_b,
          serial_bayou_shore_a, serial_bayou_lagoon_b, serial_bayou_ford_a
D:4:      layout_basic, serial_shops, nicolae_shop_waterfront, first_ration,
          minivault_24
D:5:      layout_basic, enter_ossuary_4
D:6:      corexii_shantytown, layout_cave_pods, serial_shops,
          nicolae_shop_overgrown_old_shop, nicolae_shop_stone,
          minmay_statues_item
D:7:      layout_layer_cave, minmay_temple_entry_glass, roderic_roman_lattice,
          nicolae_dithmenos_through_a_glass_darkly
D:8:      layout_rooms, yredelemnul_altar_generic,
          eat_drink_and_be_merry_uskayaw, minmay_fractal_squares_gapless_5,
          uniq_harold
Temple:   cyrus_circular_temple

Skill      XL: |  1  2  3  4  5  6  7  8  9 |
---------------+----------------------------+-----
Earth Magic    | 3 4 5 6 7 9 10 | 10.4
Spellcasting   | 2 3 4 5 |  5.0
Short Blades   | 1 |  1.1
Dodging        | |  1.5
Stealth        | |  1.1
Transmutations | |  0.6

Action                   |  1- 3 |  4- 6 |  7- 9 || total
-------------------------+-------+-------+-------++-------
Melee: Unarmed           |    67 |   160 |   631 ||   858
       Dagger            |       |       |    36 ||    36
Throw: Dart              |    10 |       |       ||    10
 Cast: Sandblast         |     9 |    20 |   102 ||   131
       Passwall          |       |       |    10 ||    10
       Lee's Rapid Decon |       |       |    31 ||    31
       Petrify           |       |       |    10 ||    10
Invok: Curse Item        |       |       |     2 ||     2
Evoke: Wand              |       |       |     2 ||     2
  Use: Scroll            |     1 |       |    15 ||    16
       Potion            |       |       |    25 ||    25
 Stab: Sleeping          |     1 |     1 |     3 ||     5
       Petrified         |       |       |    11 ||    11
  Eat: Chunk             |     8 |    19 |    73 ||   100
       Ration            |       |       |     2 ||     2
Armor: Robe              |    30 |    44 |   207 ||   281
       Skin              |       |       |    23 ||    23
Dodge: Dodged            |    31 |    81 |   533 ||   645

Table legend:
 A = Non-vault XP
 B = Vault XP
 C = Vault XP percentage of total XP
 D = Non-vault monster count
 E = Vault monster count
 F = Vault count percentage of total count
                 A         B        C        D         E       F
            +---------+---------+-------+---------+---------+-------
      Total |    3402 |    1052 |  23.6 |     144 |      78 |  35.1
            +---------+---------+-------+---------+---------+-------
        D:1 |      46 |       0 |   0.0 |      20 |       0 |   0.0
        D:2 |      44 |      14 |  24.1 |      12 |       3 |  20.0
        D:3 |      51 |      55 |  51.9 |      21 |       3 |  12.5
        D:4 |     193 |       0 |   0.0 |      16 |       0 |   0.0
        D:5 |     429 |       2 |   0.5 |      11 |       2 |  15.4
        D:6 |    1319 |     106 |   7.4 |      26 |      30 |  53.6
        D:7 |     966 |       0 |   0.0 |      30 |       0 |   0.0
        D:8 |     354 |     302 |  46.0 |       8 |       3 |  27.3
      Sewer |       0 |     116 | 100.0 |       0 |       7 | 100.0
    Ossuary |       0 |     457 | 100.0 |       0 |      30 | 100.0
            +---------+---------+-------+---------+---------+-------
